 Dungeon Crawl Stone Soup version 0.18-a0-1485-g189885c (webtiles) character file.

5903 Karasique the Cruncher (level 10, -4/55 HPs)
             Began as a Vine Stalker Gladiator on Mar 3, 2016.
             Was a Priest of Okawaru.
             Slain by uiiiytp's ghost (14 damage)
             ... on level 9 of the Dungeon.
             The game lasted 00:19:45 (8502 turns).

Karasique the Cruncher (Vine Stalker Gladiator)     Turns: 8502, Time: 00:19:45

Health: -4/55      AC: 14    Str: 24      XL:     10   Next: 82%
Magic:  0/13       EV:  5    Int:  7 (8)  God:    Okawaru [***...]
Gold:   413        SH:  0    Dex: 16 (17) Spells: 0 memorised, 9 levels left

rFire  . . .     SeeInvis .     j - +5 quarterstaff (chaos)
rCold  + . .     Gourm    .     H - +1 plate armour {rC+}
rNeg   . . .     Faith    .     (shield currently unavailable)
rPois  .         Spirit   +     c - +0 helmet
rElec  .         Dismiss  .     p - +0 cloak
rCorr  .         Reflect  .     (no gloves)
SustAt .         Harm     .     (no boots)
MR     +....                    (no amulet)
Stlth  ..........               J - +5 ring of strength
                                y - ring of loudness (curse)

@: somewhat resistant to hostile enchantments, extremely unstealthy
A: fangs 3, regeneration 2, magic shield, antimagic bite, no device heal 3, rot
immunity
a: Heroism, Renounce Religion


You were on level 9 of the Dungeon.
You worshipped Okawaru.
Okawaru was most pleased with you.
You were not hungry.

You visited 2 branches of the dungeon, and saw 10 of its levels.
You also visited: Sewer.

You collected 413 gold pieces.

Inventory:

Hand Weapons
 j - a +5 quarterstaff of chaos (weapon)
Missiles
 d - 3 throwing nets (quivered)
Armour
 c - a +0 helmet (worn)
 p - a +0 cloak (worn)
 H - a +1 plate armour of cold resistance (worn)
 L - a troll hide
Jewellery
 y - a cursed ring of loudness (left hand)
 J - a +5 ring of strength (right hand)
Wands
 l - a wand of random effects (9/48)
 A - a wand of slowing (42/48)
 E - a wand of paralysis (10/24)
 F - a wand of random effects (29/48)
Scrolls
 e - 5 scrolls of remove curse
 h - 7 scrolls of teleportation
 i - 2 scrolls of identify
 q - a scroll of recharging
 t - 2 scrolls of blinking
 G - a scroll of enchant weapon
Potions
 a - a potion of haste {unknown}
 o - 3 potions of agility
 s - a potion of lignification
 u - a potion of magic {unknown}
 v - a potion of heal wounds {unknown}
 w - 3 potions of flight
 x - a potion of ambrosia {unknown}
 z - 2 potions of curing
 B - a potion of invisibility {unknown}
 C - a potion of beneficial mutation
 D - a potion of berserk rage {unknown}
Comestibles
 b - 2 royal jellies
 f - 7 bread rations
 g - 5 meat rations
 k - 3 beef jerkies
 m - 8 chunks of flesh
 r - a slice of pizza


   Skills:
 + Level 7.5 Fighting
 - Level 10.1 Staves
 - Level 1.7 Throwing
 + Level 1.9 Armour
 - Level 7.0 Dodging
 + Level 3.0 Invocations


You had 9 spell levels left.
You didn't know any spells.

Dungeon Overview and Level Annotations

Branches:
Dungeon (9/15)             Temple (1/1) D:7             Orc (0/2) D:9
   Lair: D:8-11

Altars:
Ashenzari
Cheibriados
Dithmenos
Elyvilon
Fedhas
Gozag
Kikubaaqudgha
Makhleb
Nemelex Xobeh
Okawaru
Pakellas
Qazlal
Sif Muna
Vehumet
Xom
Yredelemnul
Zin
The Shining One

Shops:
D:7 ?   D:8 *

Annotations:
D:9 uiiiytp's ghost, novice MiFi


Innate Abilities, Weirdness & Mutations

You have razor-sharp teeth.
You heal very quickly.
When hurt, damage is shared between your health and your magic reserves.
Your bite disrupts and absorbs the magic of your enemies.
Potions and wands cannot restore your health.
You are immune to rotting.


Message History

Uiiiytp's ghost hits you but does no damage.
The orc warrior hits you from afar with a trident.
You hit uiiiytp's ghost but do no damage.
Uiiiytp's ghost flickers and vanishes!
Deactivating autopickup; reactivate with Ctrl-A.
You bite something. Something hits you!! Something burns you.
The orc warrior barely misses you. Something hits you! Something burns you.
Uiiiytp's ghost appears from thin air!
Reactivating autopickup.
Uiiiytp's ghost shrieks, "You will join me soon!"
There is a stone staircase leading up here.
Uiiiytp's ghost hits you! Uiiiytp's ghost burns you!
You closely miss uiiiytp's ghost.
Your plate armour prevents you from hitting uiiiytp's ghost.
You bite uiiiytp's ghost, but do no damage.
Uiiiytp's ghost hits you!! Uiiiytp's ghost burns you!
The orc warrior hits you from afar with a trident.
Uiiiytp's ghost hits you!
You die...

####o...# #)#...# #. .....##.#
##########)#.### ##
#######.#####.........)..#
###..##....############
###...##..##.# ##.o.###..###.#
..{####..## #.# ############
.######.#####(#####..........#
..............oW@...#####.####
..############.###### #.# ..#
#..# ##.# #.. ##.# #..# ##.###
##..# ####.##### .... #..##
#........# ###.#######.##
###.###....#
##.#...>...#####...###....#
##....####.................#


You could see an orc warrior and uiiiytp's ghost.

Vanquished Creatures
  The ghost of Meriados the Purveyor of Pain, a novice DENe of Kikubaaqudgha (D:8)
  A troll (D:8)
  A wyvern (D:8)
  A steam dragon (D:8)
  A hungry ghost (D:7)
  Menkaure (D:4)
  2 hippogriffs
  A mottled dragon (D:9)
  A water moccasin (D:7)
  2 black bears
  3 ice beasts
  7 orc warriors
  A phantom (D:4)
  A sky beast (D:9)
  An eye of draining (D:8)
  7 ogres
  4 big kobolds
  Blork the orc (D:4)
  A gnoll sergeant (D:8)
  3 scorpions
  A howler monkey (D:6)
  2 crimson imps
  A quasit (D:9)
  4 hounds
  7 orc priests
  A giant frog zombie (D:6)
  A jelly (D:7)
  8 orc wizards
  Crazy Yiuf (D:4)
  3 gnoll shamans (D:8)
  An iguana (shapeshifter) (D:9)
  2 iguanas
  5 worker ants
  A killer bee zombie (D:9)
  3 hound skeletons
  Robin (D:4)
  18 gnolls
  13 adders
  4 river rats
  2 shadow imps
  2 oozes (Sewer)
  2 adder skeletons
  7 worms
  2 dart slugs
  2 giant geckos
  63 orcs
  7 bats
  A giant cockroach (D:2)
  12 goblins
  13 hobgoblins
  3 jackals (D:5)
  14 kobolds
  4 quokkas
  4 ball pythons
  6 giant newts
  A jackal skeleton (D:5)
  A jackal zombie (D:7)
  A quokka skeleton (D:5)
  2 quokka zombies
  10 rats
  2 fungi (D:4)
279 creatures vanquished.

Vanquished Creatures (others)
  4 fungi (D:8)
  5 plants (D:8)
9 creatures vanquished.

Grand Total: 288 creatures vanquished

Notes
Turn   | Place    | Note
--------------------------------------------------------------
     0 | D:1      | Karasique the Vine Stalker Gladiator began the quest for the Orb.
     0 | D:1      | Reached XP level 1. HP: 11/11 MP: 2/2
    87 | D:1      | Reached skill level 3 in Staves
   149 | D:1      | Reached XP level 2. HP: 15/15 MP: 3/3
   818 | D:2      | Reached XP level 3. HP: 18/18 MP: 4/4
  1017 | D:2      | Found a stormy altar of Qazlal.
  1357 | D:2      | Reached skill level 4 in Staves
  1632 | D:2      | Reached XP level 4. HP: 11/23 MP: 2/5
  1690 | D:3      | Found an oddly glowing altar of Pakellas.
  1902 | D:3      | Reached skill level 5 in Staves
  1987 | D:3      | Reached XP level 5. HP: 24/26 MP: 6/6
  2511 | D:3      | Gained mutation: You heal very quickly. [Vine Stalker growth]
  2511 | D:3      | Reached XP level 6. HP: 30/30 MP: 7/7
  2706 | D:4      | Noticed Robin
  2707 | D:4      | Reached skill level 6 in Staves
  2742 | D:4      | Killed Robin
  2753 | D:4      | Noticed a phantom
  2793 | D:4      | Killed a phantom
  2980 | D:4      | Noticed Menkaure
  2991 | D:4      | Killed Menkaure
  2991 | D:4      | Reached skill level 7 in Staves
  2991 | D:4      | Reached XP level 7. HP: 34/34 MP: 8/8
  3245 | D:4      | Noticed Blork the orc
  3259 | D:4      | Killed Blork the orc
  3517 | D:4      | Noticed Crazy Yiuf
  3527 | D:4      | Killed Crazy Yiuf
  3613 | D:5      | Entered Level 5 of the Dungeon
  4033 | D:5      | Reached skill level 8 in Staves
  4048 | D:5      | Found a basalt altar of Yredelemnul.
  4242 | D:5      | Gained mutation: You have razor-sharp teeth. [Vine Stalker growth]
  4242 | D:5      | Reached XP level 8. HP: 35/39 MP: 6/9
  4851 | D:6      | Found a glowing drain.
  4876 | Sewer    | Entered a sewer
  5885 | D:7      | Found a staircase to the Ecumenical Temple.
  5915 | D:7      | Reached XP level 9. HP: 18/46 MP: 5/10
  5990 | D:6      | Reached skill level 9 in Staves
  6069 | Temple   | Entered the Ecumenical Temple
  6131 | Temple   | Became a worshipper of Warmaster Okawaru
  6174 | D:7      | Found a shattered altar of Ashenzari.
  6346 | D:7      | Reached skill level 5 in Fighting
  6426 | D:7      | Found Taxit's Magic Scroll Shoppe.
  6744 | D:8      | Found a snail-covered altar of Cheibriados.
  6758 | D:8      | Found Ciama's Assorted Antiques.
  6761 | D:8      | Noticed Meriados's ghost (novice DENe)
  6782 | D:8      | Gained mutation: You are partially covered in iridescent scales (AC +4). [potion of mutation]
  6782 | D:8      | Gained mutation: Your body sometimes deteriorates upon taking damage. [potion of mutation]
  6788 | D:8      | Killed Meriados's ghost
  6788 | D:8      | Reached skill level 5 in Dodging
  6803 | D:8      | Reached * piety under Okawaru
  7093 | D:8      | Reached XP level 10. HP: 47/53 MP: 11/11
  7221 | D:8      | Reached ** piety under Okawaru
  7279 | D:8      | Reached skill level 10 in Staves
  7614 | D:8      | Reached skill level 1 in Armour
  7633 | D:8      | Reached *** piety under Okawaru
  7633 | D:8      | Reached skill level 1 in Invocations
  7944 | D:9      | Gained mutation: Your body often deteriorates upon taking damage. [mutagenic meat]
  7945 | D:9      | Gained mutation: Armour fits poorly on your strangely shaped body. [mutagenic meat]
  7946 | D:9      | Gained mutation: You are somewhat resistant to further mutation. [mutagenic meat]
  7991 | D:9      | Noticed uiiiytp's ghost (novice MiFi)
  8064 | D:9      | Found a staircase to the Orcish Mines.
  8349 | D:9      | Found a shimmering altar of Xom.
  8408 | D:9      | Lost mutation: Your body often deteriorates upon taking damage. [potion of cure mutation]
  8408 | D:9      | Lost mutation: Armour fits poorly on your strangely shaped body. [potion of cure mutation]
  8408 | D:9      | Lost mutation: You are somewhat resistant to further mutation. [potion of cure mutation]
  8408 | D:9      | Lost mutation: Your body sometimes deteriorates upon taking damage. [potion of cure mutation]
  8408 | D:9      | Lost mutation: You are partially covered in iridescent scales (AC +4). [potion of cure mutation]
  8502 | D:9      | Slain by uiiiytp's ghost

Vault maps used:
D:1:      dpeg_arrival_houses_and_road
D:2:      grunt_qazlal_clouds
D:3:      first_bread, grunt_pakellas_basics
D:4:      uniq_robin, uniq_crazy_yiuf_cottage, uniq_blork_the_orc, uniq_menkaure
D:5:      lemuel_tele_altar
D:6:      corexii_shack_village, portal_sewer_entry_b
D:7:      lemuel_ice_spiral_2, minmay_temple_entry_mist, serial_shops, shop,
          nicolae_ashenzari_panopticon
D:8:      kennysheep_seaside_town, cheibriados_altar_1, serial_shops,
          nicolae_shop_waterfront
D:9:      tgw_trog, overflow_temple_1_default, hiddenorc2_lemuel
Temple:   nicolae_temple_elliptical
Sewer:    sewer_co_15_rooms

Skill      XL: |  1  2  3  4  5  6  7  8  9 10 |
---------------+-------------------------------+-----
Staves         | 3 4 5 7 8 9 10 | 10.1
Fighting       | 2 4 6 7 |  7.5
Dodging        | 3 4 5 7 |  7.0
Armour         | 1 |  1.9
Invocations    | 3 |  3.0
Throwing       | |  1.7

Action                   |  1- 3 |  4- 6 |  7- 9 | 10-12 || total
-------------------------+-------+-------+-------+-------++-------
Melee: Quarterstaff      |    72 |   199 |   378 |   246 ||   895
  Use: Scroll            |       |     3 |     8 |     8 ||    19
       Potion            |       |       |     1 |     1 ||     2
 Stab: Sleeping          |     3 |       |       |       ||     3
       Paralysed         |       |       |     4 |       ||     4
       Petrifying        |       |       |     1 |       ||     1
       Confused          |       |       |       |     1 ||     1
  Eat: Chunk             |     2 |     5 |    10 |    11 ||    28
       Meat ration       |       |       |     1 |       ||     1
